 Dungeon Crawl Stone Soup version 0.30-a0-250-g41c1d76940 (webtiles) character file.

Game seed: 11542547308381956554

13199 rogsnak the Skirmisher (level 11, -1/97 HPs)
             Began as a Green Draconian Hunter on Oct 10, 2022.
             Was the Champion of Okawaru.
             Slain by Gipleted's ghost (6 damage)
             ... on level 10 of the Dungeon on Oct 13, 2022.
             The game lasted 00:36:08 (12514 turns).

rogsnak the Skirmisher (Green Draconian Hunter)    Turns: 12514, Time: 00:36:08

Health: -1/97      AC: 13    Str: 27    XL:     11   Next: 72%
Magic:  9/12       EV: 16    Int:  9    God:    Okawaru [******]
Gold:   786        SH:  0    Dex: 24    Spells: 10/10 levels left

rFire   . . .      SeeInvis .    D - +7 Throatcutter {drain, coup de grace}
rCold   . . .      Faith    +    (no shield)
rNeg    + + +      Spirit   .    (body armour unavailable)
rPois   +          Reflect  .    (helmet restricted)
rElec   .          Harm     .    N - +4 cloak "Nuaxtaod" {Str+3}
rCorr   .          Rampage  .    B - +0 pair of gloves of Pragmatism {-Cast rN+++ Will- Str+9}
Will    .....      NoCast   +    (no boots)
Stlth   +++.......               I - amulet of faith
HPRegen 0.36/turn                U - +6 ring of dexterity
MPRegen 0.13/turn                (no ring)

@: finesse-ful
A: breathe noxious fumes, AC +7, unfitting armour, poison resistance,
cold-blooded
a: Breathe Noxious Fumes, Renounce Religion, Heroism, Finesse, Duel


You were on level 10 of the Dungeon.
You worshipped Okawaru.
Okawaru was exalted by your worship.
You visited 1 branch of the dungeon, and saw 11 of its levels.

You collected 786 gold pieces.

Inventory:

Hand Weapons
 x - a +4 whip of electrocution
 D - the +7 Throatcutter (weapon) {drain, coup de grace}
   (You found it on level 5 of the Dungeon)

   A truly terrible weapon, it drains the life of any living foe it strikes.
   It may instantly kill foes which have little health.
 P - a +3 vorpal longbow
Missiles
 u - 24 poisoned darts
 J - 2 throwing nets
 Q - a curare-tipped dart
Armour
 l - a +0 pair of gloves
 t - a +2 pair of boots
 B - the +0 pair of gloves of Pragmatism (worn) {-Cast rN+++ Will- Str+9}
   (You found it on level 4 of the Dungeon)

   Str:       It affects your strength (+9).
   rN:        It renders you almost immune to negative energy.
   -Cast:     It prevents spellcasting.
   Will:      It decreases your willpower.
 F - a +0 kite shield
 N - the +4 cloak "Nuaxtaod" (worn) {Str+3}
   (Okawaru gifted it to you on level 9 of the Dungeon)

   Str:       It affects your strength (+3).
 T - an orb of mayhem
Jewellery
 p - an amulet of magic regeneration
 I - an amulet of faith (around neck)
 R - a ring of fire
 U - a +6 ring of dexterity (left hand)
Wands
 a - a wand of acid (11)
 z - a wand of flame (17)
 K - a wand of iceblast (11)
 O - a wand of paralysis (7)
Scrolls
 b - 2 scrolls of immolation
 c - 3 scrolls of enchant weapon {unknown}
 d - a scroll of torment {unknown}
 e - 13 scrolls of identify {unknown}
 h - 3 scrolls of magic mapping {unknown}
 j - 4 scrolls of teleportation {unknown}
 k - 2 scrolls of poison {unknown}
 n - 2 scrolls of butterflies {unknown}
 o - a scroll of summoning {unknown}
 q - 5 scrolls of vulnerability {unknown}
 r - a scroll of noise {unknown}
 y - 3 scrolls of enchant armour {unknown}
 C - 3 scrolls of silence {unknown}
 H - a scroll of fear {unknown}
 L - a scroll of acquirement {unknown}
 M - a scroll of blinking {unknown}
 V - a scroll of amnesia {unknown}
Potions
 f - 2 potions of magic {unknown}
 g - 3 potions of heal wounds
 i - 4 potions of brilliance {unknown}
 m - 4 potions of curing {unknown}
 s - 2 potions of mutation {unknown}
 v - 5 potions of attraction {unknown}
 w - 4 potions of might {unknown}
 A - 2 potions of berserk rage {unknown}
 E - 2 potions of flight {unknown}
 G - 3 potions of lignification
Miscellaneous
 S - a piece from Xom's chessboard (15/15)


   Skills:
 + Level 9.2 Fighting
 + Level 9.2 Long Blades
 + Level 12.4 Ranged Weapons
 + Level 5.7 Dodging
 - Level 2.0 Stealth
 * Level 2.4 Invocations


You had 10 spell levels left.
You didn't know any spells.
Your spell library contained the following spells:

 Spells                   Type           Power      Damage    Failure   Level
 Blink                    Tloc           0%         N/A       52%         2
 Ignite Poison            Fire/Tmut/Pois 0%         N/A       77%         3
 Portal Projectile        Hex/Tloc       0%         N/A       77%         3
 Leda's Liquefaction      Hex/Erth       0%         N/A       99%         4
 Manifold Assault         Tloc           0%         N/A       99%         4
 Sticky Flame             Conj/Fire      0%         2d3       99%         4
 Storm Form               Tmut/Air       0%         N/A       100%        7
 Ignition                 Fire           0%         3d3       100%        8
 Call Canine Familiar     Summ           Unusable   N/A       N/A         3

Dungeon Overview and Level Annotations

Branches:
Dungeon (11/15)            Temple (0/1) D:7            Lair (0/5) D:9
    Orc: D:9-12

Altars:
Cheibriados
Dithmenos
Fedhas
Kikubaaqudgha
Makhleb
Nemelex Xobeh
Okawaru
Sif Muna
Trog
Uskayaw
Vehumet
Xom
Yredelemnul

Shops:
D:2 !   D:3 [   D:5 *   D:6 :   D:10 :

Annotations:
D:10 Gipleted's ghost, journeyman HOFi


Innate Abilities, Weirdness & Mutations

You can breathe blasts of noxious fumes.
Your lurid green scales are hard. (AC +7)
You cannot fit into any form of body armour.
Your system is resistant to poisons. (rPois)
You are cold-blooded and may be slowed by cold attacks.


Message History

Gipleted's ghost is lightly damaged.
Gipleted's ghost hits you!!
* * * LOW HITPOINT WARNING * * *
You slash Gipleted's ghost!
Gipleted's ghost is lightly damaged.
You hit Gipleted's ghost but do no damage.
You tail-slap Gipleted's ghost, but do no damage.
Gipleted's ghost is lightly damaged.
Gipleted's ghost says, "I was once a great warrior, and I still am!"
Gipleted's ghost hits you!
* * * LOW HITPOINT WARNING * * *
You feel much better. Gipleted's ghost hits you!!
* * * LOW HITPOINT WARNING * * *
You hit Gipleted's ghost.
You tail-slap Gipleted's ghost, but do no damage.
Gipleted's ghost is lightly damaged.
You slash Gipleted's ghost! You tail-slap Gipleted's ghost.
Gipleted's ghost is moderately damaged.
Gipleted's ghost whispers, "It is all a dream - a grotesque and foolish dream."
Gipleted's ghost hits you!
* * * LOW HITPOINT WARNING * * *
You hit Gipleted's ghost but do no damage.
Gipleted's ghost is moderately damaged.
You hit Gipleted's ghost but do no damage.
Gipleted's ghost is moderately damaged.
Gipleted's ghost hits you but does no damage.
You hit Gipleted's ghost but do no damage.
Gipleted's ghost is moderately damaged.
You hit Gipleted's ghost but do no damage.
Gipleted's ghost is moderately damaged.
Gipleted's ghost hits you.
* * * LOW HITPOINT WARNING * * *
You hit Gipleted's ghost but do no damage.
Gipleted's ghost is moderately damaged.
You hit Gipleted's ghost but do no damage.
Gipleted's ghost is moderately damaged.
You completely miss Gipleted's ghost.
Gipleted's ghost is moderately damaged.
Gipleted's ghost hits you.
You die...

.~.##.......#####.#....)))..#....
##โ‰ˆ###....### #.##+####)..#...)
.~#~^###..# #...........#....
~#(~(#.#..# #.########..#....
.~.#.#.'..# #.#......#..#....
~^#^##.##.# #.#......#..#....
.โ‰ˆยง.##..#.#### #.#......'..#....
#########....####.#......#..#....
โ‰ˆ.##............@W#......#..#....
###...............########..#....
............................#....
#####......#############....##'##
#......# #......... #......#
#......... #......# ##########
#......# #......#


You could see Gipleted's ghost.

Vanquished Creatures
  3 death yaks
  An ugly thing (D:11)
  A gargoyle (D:9)
  Maggie (D:8)
  A kobold demonologist (D:10)
  A komodo dragon (D:11)
  4 trolls
  Grinder (D:6)
  2 hornets (D:9)
  2 shadows (D:9)
  Eustachio (D:5)
  A wyvern (D:8)
  2 wraiths
  10 yaks
  Grum (D:10)
  4 vampire mosquitoes (D:11)
  3 acid dragons
  5 water moccasins
  A sky beast (D:6)
  2 ice beasts (D:6)
  6 orc warriors
  4 wolves (D:10)
  5 centaurs
  An ogre (D:5)
  A phantom (D:7)
  2 kobold brigands (D:10)
  A bullfrog (D:6)
  4 scorpions
  4 necrophages
  3 gnoll sergeants
  5 wights (D:8)
  9 killer bees
  2 howler monkeys
  A jelly (D:7)
  7 orc priests
  2 hounds
  2 gnoll boudas
  Crazy Yiuf (D:5)
  4 iguanas
  Ijyb (D:3)
  Natasha (thrice) (D:2)
  14 orc wizards
  A hell rat (D:9)
  Robin (D:2)
  27 gnolls
  A river rat (D:9)
  6 adders
  A shadow imp (D:6)
  A white imp (D:6)
  An ufetubus (D:6)
  2 worms (D:3)
  A dart slug (D:1)
  32 orcs
  4 bats
  10 endoplasms
  4 giant cockroaches
  18 goblins
  7 hobgoblins
  6 kobolds
  3 quokkas
  3 ball pythons
  5 frilled lizards
  10 rats
273 creatures vanquished.

Vanquished Creatures (others)
  5 fungi
  3 plants (D:11)
  4 toadstools (D:1)
12 creatures vanquished.

Grand Total: 285 creatures vanquished

Notes
Turn   | Place    | Note
-------+----------+-------------------------------------------
     0 | D:1      | rogsnak the Draconian Hunter began the quest for the Orb.
     0 | D:1      | Reached XP level 1. HP: 17/17 MP: 1/1
   319 | D:1      | Reached skill level 4 in Ranged Weapons
   443 | D:1      | Reached XP level 2. HP: 24/24 MP: 2/2
   798 | D:1      | Reached XP level 3. HP: 11/30 MP: 3/3
   848 | D:2      | Found an iron altar of Okawaru.
   853 | D:2      | Became a worshipper of Warmaster Okawaru
  1221 | D:2      | Reached XP level 4. HP: 37/37 MP: 4/4
  1225 | D:2      | Found Fiohotu's Distillery.
  1230 | D:2      | Reached skill level 5 in Ranged Weapons
  1342 | D:2      | Reached skill level 1 in Stealth
  1409 | D:2      | Noticed Robin
  1710 | D:2      | Killed Robin
  1844 | D:2      | Noticed Natasha
  1854 | D:2      | Killed Natasha
  2040 | D:2      | Noticed Natasha
  2048 | D:2      | Killed Natasha
  2049 | D:2      | Reached XP level 5. HP: 41/44 MP: 5/5
  2324 | D:2      | Noticed Natasha
  2342 | D:2      | Killed Natasha
  2488 | D:3      | Noticed Ijyb
  2627 | D:3      | Found a faded altar of an unknown god.
  2716 | D:3      | Found Ziryt's Armour Shop.
  2852 | D:3      | Killed Ijyb
  3052 | D:4      | Reached skill level 6 in Ranged Weapons
  3061 | D:4      | Reached * piety under Okawaru
  3062 | D:4      | Reached XP level 6. HP: 22/51 MP: 6/6
  3283 | D:4      | Identified the +0 pair of gloves of Pragmatism {-Cast rN+++
                  | Will- Str+9}
  3389 | D:4      | Found a burning altar of Makhleb.
  4099 | D:5      | Entered Level 5 of the Dungeon
  4122 | D:5      | Found a basalt altar of Yredelemnul.
  4209 | D:5      | Reached skill level 7 in Ranged Weapons
  4209 | D:5      | Your scales start taking on a lurid green colour.
  4209 | D:5      | Reached XP level 7. HP: 28/58 MP: 7/7
  4209 | D:5      | Gained mutation: Your system is resistant to poisons.
                  | (rPois) [Green Draconian growth]
  4347 | D:5      | Found the +7 Throatcutter {drain, coup de grace}
  4447 | D:5      | Found a sparkling altar of Nemelex Xobeh.
  4696 | D:5      | Noticed Eustachio
  4702 | D:5      | Killed Eustachio
  4702 | D:5      | Reached ** piety under Okawaru
  5015 | D:5      | Found a runed translucent door.
  5016 | D:5      | Noticed Crazy Yiuf
  5022 | D:5      | Killed Crazy Yiuf
  5103 | D:5      | Found a bloodstained altar of Trog.
  5207 | D:5      | Reached XP level 8. HP: 67/67 MP: 8/8
  5254 | D:5      | Found Neofes's General Store.
  5329 | D:6      | Found Vukaq's Book Emporium.
  5340 | D:6      | Reached skill level 8 in Ranged Weapons
  5458 | D:6      | Reached skill level 1 in Long Blades
  5466 | D:6      | Reached skill level 5 in Fighting
  5572 | D:6      | Reached *** piety under Okawaru
  5573 | D:6      | Reached skill level 9 in Ranged Weapons
  5629 | D:6      | Found a snail-covered altar of Cheibriados.
  5632 | D:6      | Found a shadowy altar of Dithmenos.
  5977 | D:6      | Reached XP level 9. HP: 70/75 MP: 9/9
  6151 | D:6      | Noticed Grinder
  6161 | D:6      | Killed Grinder
  6342 | D:7      | Reached **** piety under Okawaru
  6343 | D:7      | Reached skill level 10 in Ranged Weapons
  6471 | D:7      | Found a staircase to the Ecumenical Temple.
  7349 | D:8      | Noticed Maggie
  7862 | D:8      | Killed Maggie
  7862 | D:8      | Reached ***** piety under Okawaru
  7863 | D:8      | Reached XP level 10. HP: 68/86 MP: 10/10
  7863 | D:8      | Upgraded the game from 0.30-a0-223-gcb0039aa0c to
                  | 0.30-a0-242-g7bf8e6d787
  8171 | D:8      | Reached skill level 5 in Long Blades
  8171 | D:8      | Reached skill level 11 in Ranged Weapons
  8207 | D:8      | Found a radiant altar of Vehumet.
  8217 | D:8      | Found an ancient bone altar of Kikubaaqudgha.
  8227 | D:8      | Found a shimmering blue altar of Sif Muna.
  8725 | D:9      | Noticed a death yak
  8747 | D:9      | Noticed a death yak
  8776 | D:8      | Killed a death yak
  8835 | D:9      | Noticed a death yak
  9022 | D:9      | Noticed a gargoyle
  9025 | D:9      | Killed a gargoyle
  9113 | D:9      | Identified the +4 cloak "Nuaxtaod" {Str+3} (Okawaru gifted
                  | it to you on level 9 of the Dungeon)
  9113 | D:9      | Received a gift from Okawaru
  9532 | D:9      | Killed a death yak
  9533 | D:9      | Reached skill level 5 in Dodging
  9551 | D:9      | Killed a death yak
  9763 | D:9      | Reached XP level 11. HP: 94/94 MP: 11/11
  9801 | D:9      | Found a staircase to the Lair.
  9873 | D:9      | Found a blossoming altar of Fedhas.
 10099 | D:10     | Entered Level 10 of the Dungeon
 10204 | D:10     | Noticed Grum
 10230 | D:10     | Killed Grum
 10401 | D:10     | Found a hide-covered altar of Uskayaw.
 10427 | D:10     | Found Wanoor's Self-Improvement Boutique.
 10486 | D:10     | Received a gift from Okawaru
 10828 | D:10     | Found a shimmering altar of Xom.
 11660 | D:11     | Reached skill level 12 in Ranged Weapons
 11692 | D:11     | Reached skill level 1 in Invocations
 11758 | D:11     | Upgraded the game from 0.30-a0-242-g7bf8e6d787 to
                  | 0.30-a0-250-g41c1d76940
 11794 | D:11     | Reached ****** piety under Okawaru
 11963 | D:11     | Noticed a white ugly thing
 11967 | D:11     | Killed a white ugly thing
 12226 | D:11     | Found a runed translucent door.
 12227 | D:11     | Identified the +9 trident of Durable Reinforcement
                  | {protect, rN+ Str+3}
 12457 | D:11     | Noticed Gipleted's ghost (journeyman HOFi)
 12511 | D:10     | HP: 4/97 [Gipleted's ghost (6)]
 12514 | D:10     | Slain by Gipleted's ghost

Illustrated notes

Levels and vault maps discovered:
D:1:      saegor_arrival_miasma, layout_basic, minmay_gold_behind_fungi
D:2:      layout_basic, serial_shops, nicolae_shop_waterfront, basic_altar,
          uniq_robin, uniq_natasha
D:3:      kennysheep_the_goblin_king, layout_rooms, serial_shops,
          nicolae_shop_advertising_works [nicolae_subvault_shop_adworks],
          nicolae_ecumenical_lake_church
D:4:      layout_loops_ring, makhleb_blood_cavern_becter
D:5:      layout_basic, mainiacjoe_overflow_catch_the_wave,
          nicolae_overflow_crystal_walls, serial_shops, nicolae_lakefront_shop,
          uniq_ijyb, uniq_crazy_yiuf_cottage, uniq_eustachio
D:6:      layout_loops_cross, jmf_multi_god_temple, serial_shops,
          nicolae_square_shop, uniq_grinder
D:7:      layout_loops_ring, minmay_temple_entry_arrows
D:8:      layout_basic, palyth_temple_overflow_mages, uniq_maggie
D:9:      layout_irregular_city, kennysheep_little_box, dpeg_lair_monsters,
          minmay_quadrilaterals
D:10:     layout_irregular_city, tgw_xom, mainiacjoe_overflow_alcove_1,
          nicolae_shop_self_help, uniq_grum
D:11:     layout_cave_pods, ebering_ghost_funeral_grove

Skill      XL: |  1  2  3  4  5  6  7  8  9 10 11 |
---------------+----------------------------------+-----
Ranged Weapons | 4 5 6 7 9 10 11 12 | 12.4
Stealth        | 1 2 |  2.0
Dodging        | 2 3 4 5 |  5.7
Fighting       | 3 4 5 7 8 9 |  9.2
Long Blades    | 2 4 7 9 |  9.2
Invocations    | 2 |  2.4

Action                   |  1- 3 |  4- 6 |  7- 9 | 10-12 || total
-------------------------+-------+-------+-------+-------++-------
Melee: Whip              |       |     6 |       |       ||     6
       Long sword        |       |       |   122 |   221 ||   343
       Tailslap          |       |       |    13 |    39 ||    52
       Punch             |       |       |     1 |     1 ||     2
 Fire: Shortbow          |    83 |   245 |   215 |    23 ||   566
       Arbalest          |       |       |       |    35 ||    35
       Longbow           |       |       |       |    76 ||    76
Invok: Finesse           |       |       |       |     1 ||     1
 Abil: Breathe Noxious F |       |       |     6 |    18 ||    24
  Use: Potion            |       |       |       |     1 ||     1
 Stab: Confused          |       |       |     1 |    13 ||    14
       Sleeping          |       |       |     1 |     2 ||     3
       Distracted        |       |       |     1 |     1 ||     2
Armor: Skin              |     9 |    48 |    45 |    70 ||   172
Dodge: Dodged            |    15 |   107 |   118 |   143 ||   383

Table legend: (Time is in decaauts)
 A = Elapsed time spent in this place.
 B = Non-inter-level travel time spent in this place.
 C = Inter-level travel time spent in this place.
 D = Time resting spent in this place.
 E = Time spent auto-exploring this place.
 F = Levels seen in this place.
 G = Mean time per level.
                   A        B        C        D        E       F      G
               +--------+--------+--------+--------+--------+-----+--------+
         Total |  12650 |  12423 |    227 |   1967 |   6967 |  11 | 1150.0 |
       Dungeon |  12650 |  12423 |    227 |   1967 |   6967 |  11 | 1150.0 |
               +--------+--------+--------+--------+--------+-----+--------+

Top non-repeatable levels by time:
     D:8: 1660 daAuts
     D:2: 1488 daAuts
     D:9: 1329 daAuts
    D:11: 1281 daAuts
     D:5: 1181 daAuts
     D:4: 1167 daAuts
    D:10: 1138 daAuts
     D:1: 1025 daAuts
     D:6: 1014 daAuts
     D:7: 787 daAuts
     D:3: 577 daAuts
